 Dungeon Crawl Stone Soup version 0.21-a0 (webtiles) character file.

11421 trickynixon the Protected (level 11, -1/97 HPs)
             Began as a Minotaur Fighter on May 18, 2017.
             Was a Priest of the Shining One.
             Slain by a basilisk (4 damage)
             ... on level 3 of the Lair of Beasts.
             The game lasted 00:27:37 (10280 turns).

trickynixon the Protected (Minotaur Fighter)       Turns: 10280, Time: 00:27:38

Health: -1/97      AC: 20    Str: 24    XL:     11   Next: 49%
Magic:  13/13      EV:  2    Int:  5    God:    the Shining One [***...]
Gold:   717        SH:  0    Dex: 18    Spells: 10/10 levels left

rFire    . . .     SeeInvis .   b - +1 spear (freeze)
rCold    . . .     Gourm    .   c - +1 shield
rNeg     + + +     Faith    .   t - +0 plate armour
rPois    ∞         Spirit   .   i - +2 hat
rElec    .         Reflect  .   (no cloak)
rCorr    .         Harm     +   y - +0 pair of gloves of Teckac {Dex+3}
MR       +....                  (no boots)
Stlth    ..........             k - amulet of harm
Regen    0.3/turn               m - ring of positive energy
MPRegen  0.2/turn               e - ring of stealth

@: agile, lethally poisoned (-1 -> -1), petrified, glowing, studying Polearms
A: retaliatory headbutt, horns 2, molten scales 1, low mp 1, magic resistance 1
a: Divine Shield, Renounce Religion


You were on level 3 of the Lair of Beasts.
You worshipped the Shining One.
The Shining One was most pleased with you.
You were not hungry.

You visited 2 branches of the dungeon, and saw 12 of its levels.

You collected 717 gold pieces.

Inventory:

Hand Weapons
 a - a +7 long sword
 b - a +1 spear of freezing (weapon)
Armour
 c - a +1 shield (worn)
 i - a +2 hat (worn)
 t - a +0 plate armour (worn)
 y - the +0 pair of gloves of Teckac (worn) {Dex+3}
   (You found it on level 6 of the Dungeon)

   It affects your dexterity (+3).
Jewellery
 e - a ring of stealth (right hand)
 k - an amulet of harm (around neck)
 m - a ring of positive energy (left hand)
 x - an uncursed ring of resist corrosion
 F - an uncursed amulet of faith
Wands
 n - a wand of lightning (8/15)
 B - a wand of iceblast (7/15)
 D - a wand of flame (19/48)
 G - a wand of acid (2/15)
Scrolls
 h - 5 scrolls of teleportation
 l - a scroll of blinking {unknown}
 o - 10 scrolls of remove curse
 p - 5 scrolls of identify
 u - 3 scrolls of fear
 A - a scroll of summoning
 C - a scroll of amnesia
Potions
 g - a potion of agility
 w - 3 potions of flight
Books
 E - a manual of Polearms
Comestibles
 d - 5 chunks of flesh
 f - 15 bread rations
 j - 5 royal jellies
 r - 3 meat rations
 v - 2 fruits


   Skills:
 + Level 9.6 Fighting
 - Level 9.1 Long Blades
 + Level 4.6 Polearms
 + Level 10.0 Armour
 - Level 3.7 Dodging
 + Level 10.0 Shields
 + Level 6.7 Invocations
 + Level 5.6 Evocations


You had 10 spell levels left.
You didn't know any spells.

Dungeon Overview and Level Annotations

Branches:
Dungeon (9/15)             Temple (0/1) D:6            Lair (3/6) D:9
    Orc (0/2) D:9
  Swamp: Lair:2-4    Shoals: Lair:2-4     Snake: Lair:2-4    Spider: Lair:2-4

Altars:
Cheibriados
Dithmenos
Makhleb
Nemelex Xobeh
Trog
Xom
Yredelemnul
The Shining One

Shops:
D:5 *


Innate Abilities, Weirdness & Mutations

You reflexively headbutt those who attack you in melee.
You have a pair of horns on your head.
You are partially covered in molten scales. (AC +2)
Your magical capacity is low. (-10% MP)
You are resistant to hostile enchantments. (MR+)


Message History

The basilisk bites you!
* * * LOW HITPOINT WARNING * * *
The basilisk gazes at you. You resist with almost no effort.
You have turned to stone.
The killer bee stings you but does no damage.
The basilisk bites you but does no damage.
The killer bee stings you but does no damage.
The basilisk bites you but does no damage.
The killer bee stings you.
* * * LOW HITPOINT WARNING * * *
The killer bee stings you but does no damage.
The basilisk barely misses you. The basilisk gazes at you.
You resist with almost no effort.
The killer bee stings you but does no damage.
The basilisk gazes at you. You resist with almost no effort.
The killer bee stings you but does no damage.
The basilisk bites you!
You die...

≈...#. ...##
≈≈≈....#.##.#..#
≈≈....#....#...##
≈≈P..#..##....#.#
≈≈.............## ..
≈≈.............# ...
≈............####.##
###...............
#@yl..............
#ll...........P##.
##.............≈≈≈#
#..............≈≈≈#
##.............≈≈≈.
#...............###
#≈.................
≈≈.................
≈≈..#..#...#P......


You could see 3 basilisks and a killer bee.

Vanquished Creatures
  A two-headed ogre (D:8)
  A deep elf mage (D:8)
  A slime creature (D:7)
  2 spiny frogs
  2 komodo dragons
  A troll (D:9)
  A polar bear (Lair:3)
  The ghost of sirboomalot the Bolt Thrower, an amateur DsHu of Qazlal (D:4)
  7 hippogriffs
  4 blink frogs (Lair:1)
  5 wyverns
  A spriggan (D:7)
  A hungry ghost (D:8)
  A basilisk (D:9)
  An acid dragon (D:9)
  A warg (D:9)
  4 orc warriors
  3 water moccasins
  3 porcupines
  The ghost of raszama the Skirmisher, an amateur MiFi (D:3)
  2 ice beasts
  2 black bears (D:7)
  4 ogres
  A phantom (D:8)
  5 necrophages (Lair:2)
  2 centaurs
  2 big kobolds
  6 bullfrogs
  A scorpion (D:6)
  7 killer bees (Lair:3)
  4 wights (D:8)
  An electric eel (Lair:3)
  A howler monkey (D:5)
  2 crimson imps
  A bullfrog zombie (D:7)
  5 jellies (D:7)
  5 orc priests
  3 hounds
  Crazy Yiuf (D:2)
  3 bullfrog skeletons
  7 orc wizards
  3 centaur skeletons
  Jessica (D:2)
  An iguana (D:4)
  4 worker ants
  A howler monkey zombie (D:8)
  A worker ant zombie (D:9)
  9 adders
  3 gnolls (D:3)
  5 oozes
  An adder zombie (D:8)
  3 adder skeletons
  2 worms
  3 dart slugs
  3 leopard geckos
  38 orcs
  8 bats
  6 giant cockroaches
  4 goblins
  8 hobgoblins
  10 jackals
  20 kobolds
  7 quokkas
  2 ball pythons
  2 frilled lizards
  A kobold skeleton (D:6)
  8 rats
261 creatures vanquished.

Vanquished Creatures (others)
  11 toadstools (D:7)
11 creatures vanquished.

Grand Total: 272 creatures vanquished

Notes
Turn   | Place    | Note
-------+----------+-------------------------------------------
     0 | D:1      | trickynixon the Minotaur Fighter began the quest for the Orb.
     0 | D:1      | Reached XP level 1. HP: 19/19 MP: 0/0
   101 | D:1      | You fall through a shaft!
   175 | D:2      | Reached XP level 2. HP: 27/27 MP: 1/1
   396 | D:2      | Found a runed door.
   427 | D:2      | Found a burning altar of Makhleb.
   427 | D:2      | Found a snail-covered altar of Cheibriados.
   551 | D:2      | Reached XP level 3. HP: 29/33 MP: 2/2
   797 | D:2      | Noticed Jessica
   812 | D:2      | Killed Jessica
   870 | D:2      | Noticed Crazy Yiuf
   875 | D:2      | Killed Crazy Yiuf
   875 | D:2      | Reached skill level 1 in Dodging
   875 | D:2      | Reached XP level 4. HP: 11/40 MP: 0/3
  1718 | D:3      | HP: 2/41 [gnoll/flail (3)]
  1725 | D:3      | Reached XP level 5. HP: 29/47 MP: 4/4
  1793 | D:3      | Noticed raszama's ghost (amateur MiFi)
  2069 | D:3      | Reached skill level 5 in Armour
  2234 | D:3      | Killed raszama's ghost
  2234 | D:3      | Reached skill level 5 in Shields
  2234 | D:3      | Reached XP level 6. HP: 35/53 MP: 5/5
  2358 | D:3      | Found a bloodstained altar of Trog.
  2387 | D:3      | Found a glowing golden altar of the Shining One.
  2689 | D:3      | Became a worshipper of the Shining One
  2859 | D:4      | Noticed sirboomalot's ghost (amateur DsHu)
  2884 | D:4      | Killed sirboomalot's ghost
  2884 | D:4      | Reached skill level 5 in Fighting
  2884 | D:4      | Reached XP level 7. HP: 41/61 MP: 0/6
  2996 | D:4      | Reached skill level 5 in Long Blades
  3341 | D:5      | Entered Level 5 of the Dungeon
  3515 | D:5      | Reached XP level 8. HP: 56/70 MP: 7/7
  3519 | D:5      | Reached skill level 1 in Invocations
  3762 | D:5      | Found Qibal's Assorted Antiques.
  4094 | D:5      | Reached skill level 1 in Evocations
  4599 | D:6      | Found a staircase to the Ecumenical Temple.
  4650 | D:6      | Reached * piety under the Shining One
  4728 | D:6      | Found a shimmering altar of Xom.
  4729 | D:6      | Gained mutation: Armour fits poorly on your strangely shaped body. [potion of mutation]
  4729 | D:6      | Lost mutation: Armour fits poorly on your strangely shaped body. [potion of mutation]
  4729 | D:6      | Gained mutation: Your flesh is cold resistant. (rC+) [potion of mutation]
  4730 | D:6      | Found a shimmering altar of Xom.
  4731 | D:6      | Found a shimmering altar of Xom.
  4731 | D:6      | Found a shimmering altar of Xom.
  4877 | D:6      | Found a runed door.
  4884 | D:6      | Found a basalt altar of Yredelemnul.
  5078 | D:6      | Got a pair of scorched gloves
  5353 | D:7      | Identified the +0 pair of gloves of Teckac {Dex+3} (You found it on level 6 of the Dungeon)
  5443 | D:7      | Reached XP level 9. HP: 71/78 MP: 10/10
  5973 | D:7      | Killed a large slime creature
  6512 | D:8      | Noticed a deep elf mage
  6526 | D:8      | Killed a deep elf mage
  7057 | D:8      | Reached ** piety under the Shining One
  7063 | D:8      | Reached XP level 10. HP: 88/88 MP: 12/12
  7409 | D:8      | Noticed a two-headed ogre
  7419 | D:8      | Killed a two-headed ogre
  7548 | D:8      | Found a shadowy altar of Dithmenos.
  7613 | D:9      | Found a sparkling altar of Nemelex Xobeh.
  7736 | D:9      | Reached skill level 5 in Invocations
  7853 | D:9      | Found a staircase to the Orcish Mines.
  8535 | D:9      | Found a staircase to the Lair.
  8799 | Lair:1   | Entered Level 1 of the Lair of Beasts
  8801 | Lair:1   | Reached *** piety under the Shining One
  8820 | Lair:1   | Reached skill level 5 in Evocations
  8888 | Lair:1   | Noticed a spiny frog
  8893 | Lair:1   | Killed a spiny frog
  8893 | Lair:1   | Reached XP level 11. HP: 97/97 MP: 14/14
  8927 | Lair:1   | Reached skill level 1 in Polearms
 10061 | Lair:2   | Lost mutation: Your flesh is cold resistant. (rC+) [potion of mutation]
 10061 | Lair:2   | Gained mutation: You are agile. (Dex +2) [potion of mutation]
 10061 | Lair:2   | Gained mutation: You are partially covered in rugged brown scales. (AC +1, +3% HP) [potion of mutation]
 10062 | Lair:2   | Lost mutation: You are agile. (Dex +2) [potion of mutation]
 10062 | Lair:2   | Lost mutation: You are partially covered in rugged brown scales. (AC +1, +3% HP) [potion of mutation]
 10062 | Lair:2   | Gained mutation: You are resistant to hostile enchantments. (MR+) [potion of mutation]
 10062 | Lair:2   | Gained mutation: Your magical capacity is low. (-10% MP) [potion of mutation]
 10062 | Lair:2   | Gained mutation: You are partially covered in molten scales. (AC +2) [potion of mutation]
 10146 | Lair:3   | Reached skill level 10 in Shields
 10258 | Lair:3   | Reached skill level 10 in Armour
 10279 | Lair:3   | HP: 3/97 [killer bee (3)]
 10280 | Lair:3   | Slain by a basilisk

Vault maps used:
D:1:      nicolae_arrival_washed_ashore
D:2:      gammafunk_temple_overflow_wave, uniq_crazy_yiuf_cottage, uniq_jessica
D:3:      bloody_trog, tso_altar
D:4:      corexii_item_surrounded_by_moat
D:5:      minmay_diamond_boxcup, first_bread, serial_shops, shop_statue
D:6:      xom_redecorated, minmay_temple_entry_glass, st_stairs_1,
          dk_yredelemnul_ordeal
D:7:      cheibrodos_fertilizer, serial_corexii_hall, corexii_hall_statues_i,
          corexii_hall_statues_i, the_bakery
D:8:      grunt_dithmenos_shadows
D:9:      nicolae_overflow_crystal_walls, erik_lair_dragon, david_orc_1_choice
Lair:2:   roderic_carrion_pond
Lair:3:   regret_index_harrowing_hell_hive, infiniplex_staircase_pool

Skill      XL: |  1  2  3  4  5  6  7  8  9 10 11 |
---------------+----------------------------------+-----
Armour         | 4 5 6 7 8 9 10 | 10.0
Shields        | 4 5 6 7 8 9 10 | 10.0
Long Blades    | 3 4 5 6 8 9 |  9.1
Fighting       | 4 5 6 7 9 |  9.6
Dodging        | 1 2 3 |  3.7
Invocations    | 3 4 5 6 |  6.7
Evocations     | 2 3 5 |  5.6
Polearms       | 4 |  4.6

Action                   |  1- 3 |  4- 6 |  7- 9 | 10-12 || total
-------------------------+-------+-------+-------+-------++-------
Melee: Long sword        |    60 |   165 |   241 |   112 ||   578
       Headbutt          |     7 |    24 |    43 |    70 ||   144
       Spear             |       |       |       |   181 ||   181
Evoke: Wand              |       |       |     2 |     2 ||     4
  Use: Potion            |       |     7 |     1 |     4 ||    12
       Scroll            |       |     9 |    13 |    10 ||    32
  Eat: Chunk             |       |     6 |    12 |     8 ||    26
       Meat ration       |       |       |     1 |       ||     1
Armor: Scale mail        |    32 |    70 |    18 |       ||   120
       Plate armour      |       |       |    43 |   146 ||   189
       Chain mail        |       |       |    11 |       ||    11
Dodge: Dodged            |    17 |    62 |    68 |    97 ||   244
Block: Shield            |    39 |   108 |   145 |   228 ||   520
       Rpst.: Long sword |     6 |     9 |    22 |     8 ||    45
